Map: Site Delta LE

Players

Mixu - Winner!

  • Race: Zerg Zerg
  • League: Grandmaster
  • Spawn Location: 11:00

PtitDrogo

  • Race: Protoss Protoss
  • Spawn Location: 5:00

Event: HomeStory Cup XXV

VOD

Have the link to the VOD?

Description

Time

  • Played on: June 22, 2024, 2:11 p.m.
  • Length: 11:31

All games in this series

Show
View Real Time Build Order
Export as new Build Order

Mixu Zerg - Winner!

Build Orders: Hatch First 

Get SALT Encoding   

  12  0:00  Drone  
  13  0:12  Overlord  
  13  0:16  Drone  
  14  0:31  Drone x2  
  16  0:50  Hatchery  
  16  0:52  Drone  
  16  0:54  Drone  
  17  0:57  Drone  
  18  1:08  Extractor  
  17  1:13  Spawning Pool  
  17  1:16  Drone  
  17  1:19  Drone  
  18  1:29  Drone  
  19  1:39  Drone  
  20  1:49  Drone  
  21  2:00  Overlord  
  21  2:01  Queen  
  21  2:04  Drone, Queen  
  26  2:10  Zergling x2  
  26  2:13  Metabolic Boost  
  27  2:17  Drone  
  27  2:22  Drone  
  29  2:24  Drone  
  30  2:34  Hatchery  
  30  2:36  Drone  
  30  2:40  Drone  
  31  2:45  Queen  
  31  2:50  Overlord  
  33  2:53  Drone  
  33  2:55  Drone  
  35  2:59  Evolution Chamber  
  35  3:00  Drone  
  35  3:05  Spore Crawler  
  34  3:08  Queen  
  34  3:10  Overlord  
  34  3:11  Drone  
  39  3:13  Drone  
  39  3:16  Drone  
  39  3:17  Drone  
  39  3:19  Drone  
  43  3:21  Drone  
  43  3:25  Overlord  
  44  3:29  Queen  
  44  3:31  Drone  
  47  3:35  Drone  
  47  3:36  Drone  
  47  3:37  Drone  
  47  3:40  Drone  
  51  3:41  Drone  
  51  3:44  Drone  
  53  3:52  Drone x2, Queen  
  53  3:53  Spore Crawler  
  56  3:56  Drone  
  56  3:57  Drone x2  
  56  4:01  Spore Crawler  
  58  4:04  Drone x3  
  61  4:10  Overlord  
  61  4:12  Lair  
  61  4:13  Drone  
  61  4:14  Drone  
  61  4:16  Drone  
  64  4:17  Drone  
  64  4:23  Overlord  
  64  4:24  Spore Crawler  
  64  4:28  Drone x2  
  64  4:30  Overlord  
  64  4:31  Drone x2  
  64  4:34  Extractor  
  64  4:35  Drone x2  
  64  4:37  Overlord  
  64  4:38  Zergling x2  
  67  4:41  Drone  
  67  4:44  Drone x2  
  70  4:46  Drone, Roach Warren  
  70  4:49  Drone x2  
  70  4:52  Extractor x2  
  70  4:55  Drone x2  
  70  4:56  Drone x2  
  74  5:01  Drone x2  
  74  5:03  Drone  
  74  5:06  Overlord  
  77  5:08  Extractor  
  77  5:10  Drone x3, Spire  
  76  5:15  Drone, Queen  
  76  5:17  Drone x2  
  76  5:18  Drone  
  82  5:26  Drone  
  79  5:29  Extractor  
  79  5:33  Drone, Glial Reconstitution  
  79  5:36  Overseer  
  79  5:38  Evolution Chamber, Roach x3  
  79  5:41  Drone x3  
  79  5:42  Overlord x2  
  87  5:49  Drone  
  88  5:57  Hatchery  
  86  6:16  Overlord  
  86  6:22  Mutalisk x6  
  86  6:24  Zergling x10  
  103  6:27  Mutalisk  
  103  6:28  Zergling x10  
  110  6:35  Mutalisk  
  110  6:38  Mutalisk  
  114  6:44  Mutalisk  
  114  6:47  Zergling x6  
  119  6:53  Mutalisk  
  121  6:54  Drone x5  
  121  6:58  Extractor  
  121  7:01  Mutalisk  
  126  7:09  Hatchery  
  126  7:12  Drone x2  
  126  7:13  Mutalisk  
  126  7:14  Overlord, Mutalisk x2  
  131  7:17  Drone x3  
  131  7:18  Drone x2  
  136  7:25  Zerg Flyer Weapons Level 1  
  136  7:28  Overlord  
  134  7:33  Roach x5  
  140  7:37  Extractor  
  140  7:41  Mutalisk x2  
  140  7:43  Drone  
  143  7:49  Zerg Missile Weapons Level 1  
  138  7:52  Roach x4  
  138  7:57  Drone x6  
  151  8:00  Overlord  
  151  8:01  Overlord x2  
  151  8:06  Overlord  
  151  8:13  Overlord  
  151  8:18  Overlord x2  
  151  8:20  Roach x10  
  151  8:24  Roach x2  
  171  8:27  Roach  
  171  8:32  Ravager, Roach x6  
  184  8:35  Roach x4  
  184  8:40  Roach x4  
  196  8:42  Roach  
  196  8:46  Roach  
  181  8:51  Roach x5  
  181  8:54  Roach  
  185  8:58  Mutalisk  
  185  9:02  Mutalisk x4  
  187  9:09  Hatchery, Roach x2  
  194  9:23  Ravager x5  
  199  9:30  Zergling x6  
  199  9:31  Hatchery  
  199  9:37  Zergling x6  
  197  9:42  Baneling Nest  
  192  9:50  Zergling x28  
  197  9:55  Roach  
  197  9:58  Roach x3  
  188  10:04  Roach x5  
  188  10:06  Roach  
  187  10:11  Roach x2  
  187  10:13  Queen, Roach x3  
  170  10:22  Roach x3  
  170  10:27  Corruptor x5  
  184  10:33  Roach x4  
  181  10:38  Roach  
  181  10:39  Roach x2  
  181  10:42  Roach  
  179  10:45  Roach x2  
  179  10:47  Roach  
  181  10:51  Roach  
  179  10:58  Roach x8  
  179  11:03  Roach x3  
  199  11:08  Ravager  
Show
View Real Time Build Order
Export as new Build Order

PtitDrogo Protoss 

Build Orders: 1 Gate Expand, Oracle Opening, Zealot Archon 

Get SALT Encoding   

  12  0:00  Probe  
  13  0:12  Probe  
  14  0:19  Pylon  
  14  0:24  Probe  
  15  0:37  Probe (Chrono Boost)  
  15  0:40  Gateway  
  16  0:47  Probe (Chrono Boost)  
  17  0:50  Assimilator  
  17  0:52  Probe (Chrono Boost)  
  18  1:04  Probe  
  19  1:16  Probe  
  20  1:26  Nexus  
  20  1:37  Cybernetics Core  
  20  1:40  Probe  
  21  1:50  Assimilator  
  21  1:52  Probe  
  22  1:54  Pylon  
  22  2:04  Probe  
  23  2:10  Adept (Chrono Boost)  
  25  2:16  Probe  
  25  2:20  Stargate  
  26  2:29  Warp Gate, Probe (Chrono Boost)  
  27  2:33  Adept  
  29  2:38  Probe (Chrono Boost)  
  31  2:46  Probe (Chrono Boost)  
  31  2:48  Probe (Chrono Boost)  
  32  2:53  Probe x2 (Chrono Boost)  
  34  3:03  Oracle (Chrono Boost)  
  34  3:04  Probe  
  34  3:05  Probe  
  36  3:08  Pylon  
  39  3:16  Gateway, Probe  
  39  3:17  Probe  
  41  3:29  Probe x2  
  41  3:30  Oracle (Chrono Boost)  
  46  3:41  Probe x2  
  47  3:45  Nexus  
  48  3:49  Pylon  
  48  3:53  Probe  
  48  3:54  Probe  
  50  4:00  Oracle  
  53  4:03  Pylon  
  53  4:05  Assimilator  
  53  4:06  Probe (Chrono Boost)  
  54  4:11  Probe (Chrono Boost)  
  54  4:12  Assimilator  
  54  4:17  Adept  
  58  4:18  Probe (Chrono Boost)  
  58  4:21  Probe (Chrono Boost)  
  58  4:24  Probe (Chrono Boost)  
  59  4:26  Probe (Chrono Boost)  
  61  4:31  Probe  
  61  4:38  Twilight Council  
  63  4:39  Forge, Probe (Chrono Boost)  
  63  4:40  Robotics Facility  
  63  4:43  Probe (Chrono Boost)  
  66  4:53  Gateway x2  
  66  4:54  Probe (Chrono Boost)  
  66  4:55  Probe (Chrono Boost)  
  67  5:00  Probe (Chrono Boost)  
  67  5:01  Shield Battery  
  67  5:03  Probe (Chrono Boost)  
  70  5:07  Probe x2 (Chrono Boost)  
  70  5:11  Probe (Chrono Boost)  
  70  5:12  Probe (Chrono Boost)  
  70  5:14  Probe  
  73  5:22  Probe  
  73  5:24  Probe  
  73  5:26  Probe  
  76  5:31  Pylon  
  76  5:32  Assimilator  
  76  5:34  Assimilator, Protoss Ground Weapons Level 1 (Chrono Boost), Probe  
  81  5:36  Probe  
  81  5:37  Observer (Chrono Boost)  
  81  5:38  Charge, Probe  
  81  5:41  Templar Archives  
  81  5:42  Gateway  
  80  5:45  Gateway  
  80  5:46  Probe  
  80  5:47  Pylon, Photon Cannon  
  80  5:48  Probe, Immortal (Chrono Boost)  
  82  5:56  Pylon  
  86  5:59  Gateway  
  86  6:01  Pylon  
  86  6:05  Gateway  
  86  6:08  Gateway x2  
  86  6:18  High Templar x2  
  90  6:22  Immortal (Chrono Boost)  
  90  6:23  Archon  
  90  6:24  Zealot x2, Shield Battery  
  98  6:33  Robotics Facility  
  98  6:44  High Templar x2  
  106  7:00  Zealot x2, Probe  
  106  7:01  Zealot x2  
  115  7:02  Nexus  
  115  7:03  Probe x2  
  115  7:04  Pylon  
  116  7:09  Phoenix (Chrono Boost)  
  116  7:12  Probe  
  116  7:13  Stalker x2, Archon  
  116  7:17  Stalker x2  
  116  7:21  Stalker x3  
  116  7:22  Stalker  
  119  7:25  Phoenix (Chrono Boost)  
  119  7:29  Probe x2  
  112  7:38  Zealot x2  
  112  7:39  Probe  
  112  7:41  Probe  
  117  7:44  Stalker  
  117  7:45  Stalker x2, Probe  
  117  7:48  Phoenix (Chrono Boost)  
  124  7:55  Probe  
  124  7:56  Stargate  
  125  8:10  Probe, Phoenix (Chrono Boost)  
  125  8:18  Pylon  
  125  8:19  Pylon  
  119  8:25  Zealot x3  
  125  8:36  Phoenix (Chrono Boost)  
  127  8:43  Stalker x5  
  119  8:56  Phoenix (Chrono Boost)  
  119  9:02  Phoenix (Chrono Boost)  
  113  9:04  High Templar x3  
  113  9:08  Archon, High Templar  
  113  9:09  Immortal  
  117  9:11  Nexus  
  117  9:17  Phoenix (Chrono Boost)  
  110  9:24  Archon  
  110  9:32  Phoenix (Chrono Boost)  
  110  9:33  Phoenix  
  114  9:38  Probe x2  
  114  9:39  Probe  
  114  9:40  Zealot x7  
  129  9:47  Zealot  
  113  10:08  Zealot x7  
  113  10:14  Nexus  
  109  10:22  Pylon  
  107  10:28  Zealot x5  
  107  10:35  Probe x2  
  109  10:44  Pylon x2  
  109  10:46  Pylon  
  109  10:48  Zealot x3  
  100  10:53  Probe x2  
  102  11:01  Probe  
  102  11:05  High Templar x2  
  102  11:10  Archon, Pylon  
  113  11:12  High Templar x2  
  113  11:20  Archon  
  96  11:27  Stalker x2  
Tags
 
Add a new tag
Caveats
  • Supply blocks, unpowered buildings, or Contaminate may cause inaccurate times.
  • Supply counts are checked every 10 seconds.